 Dungeon Crawl Stone Soup version 0.29-a0-283-ga02f740833 (webtiles) character file.

Game seed: 15264946885673983527

81 Aksej the Vexing (level 4, -4/34 HPs)
             Began as a Demonspawn Arcane Marksman on Mar 13, 2022.
             Slain by Grinder (6 damage)
             ... on level 3 of the Dungeon.
             The game lasted 00:14:18 (2546 turns).

Aksej the Vexing (Demonspawn Arcane Marksman)       Turns: 2546, Time: 00:14:18

Health: -4/34      AC:  6    Str: 11    XL:     4   Next: 20%
Magic:  6/6        EV: 11    Int: 14    God:
Gold:   71         SH:  0    Dex: 15    Spells: 5/6 levels left

rFire   + . .      SeeInvis .   a - +2 hand crossbow
rCold   . . .      Faith    .   (no shield)
rNeg    . . .      Spirit   .   c - +0 leather armour {rF+}
rPois   .          Reflect  .   (no helmet)
rElec   .          Harm     .   (no cloak)
rCorr   .          Rampage  .   (no gloves)
Will    .....                   (no boots)
Stlth   +.........              (no amulet)
HPRegen 0.11/turn               (no ring)
MPRegen 0.10/turn               (no ring)

@: no status effects
A: thin metallic scales 2, weakness stinger 1
a: no special abilities


You were on level 3 of the Dungeon.
You visited 1 branch of the dungeon, and saw 3 of its levels.

You collected 131 gold pieces.
You spent 60 gold pieces at shops.

Inventory:

Hand Weapons
 a - a +2 hand crossbow (weapon)
Armour
 c - a +0 leather armour of fire resistance (worn)
 e - a +0 pair of boots
Wands
 h - a wand of acid (10)
Scrolls
 b - a scroll of enchant armour {unknown}
Potions
 f - 2 potions of curing
 j - a potion of mutation {unknown}
 k - a potion of cancellation {unknown}


   Skills:
 * Level 2.3 Fighting
 + Level 3.0 Crossbows
 + Level 1.8 Dodging
 + Level 0.4 Stealth
 + Level 1.5 Spellcasting
 + Level 3.1 Hexes


You had 5 spell levels left.
You knew the following spells:

 Your Spells              Type           Power      Damage    Failure   Level
a - Slow                  Hex            36%        N/A       9%          1

Your spell library contained the following spells:

 Spells                   Type           Power      Damage    Failure   Level
 Sting                    Tmut/Pois      4%         1d3       32%         1
 Poisonous Vapours        Pois/Air       2%         N/A       45%         2
 Inner Flame              Hex/Fire       5%         N/A       45%         3
 Portal Projectile        Hex/Tloc       10%        N/A       45%         3
 Cause Fear               Hex            4%         N/A       65%         4
 Ignite Poison            Fire/Tmut/Pois 1%         N/A       69%         3
 Mephitic Cloud           Conj/Pois/Air  1%         N/A       69%         3
 Olgreb's Toxic Radiance  Pois           1%         N/A       97%         4
 Freezing Cloud           Conj/Ice/Air   0%         6-21      100%        5


Dungeon Overview and Level Annotations

Branches:
Dungeon (3/15)

Altars:

Shops:
D:2 [[[!!

Annotations:
D:3 Grinder


Innate Abilities, Weirdness & Mutations

You are mostly covered in thin metallic scales. (AC +3)
You have a small tail.


Message History

Pain shoots through your body!
* * * LOW HITPOINT WARNING * * *
You feel much better. Grinder hits you.
You shoot a bolt. The bolt closely misses Grinder.
Grinder hits you but does no damage.
You shoot a bolt. The bolt hits Grinder.
Grinder is moderately wounded.
Grinder closely misses you. Grinder hits you!
You writhe in agony.
* * * LOW HITPOINT WARNING * * *
You are too injured to fight recklessly!
You feel much better. Grinder closely misses you.
You shoot a bolt. The bolt closely misses Grinder.
Grinder hits you.
You writhe in agony.
You shoot a bolt. The bolt hits Grinder.
Grinder is moderately wounded.
Grinder hits you but does no damage.
You shoot a bolt. The bolt hits Grinder!
Grinder is heavily wounded.
Grinder closely misses you. Grinder hits you.
You writhe in agony.
You shoot a bolt. The bolt barely misses Grinder.
Grinder hits you.
You writhe in agony.
You are too injured to fight recklessly!
You are too injured to fight recklessly!
You are too injured to fight recklessly!
You closely miss Grinder.
Grinder is heavily wounded.
Grinder hits you!
* * * LOW HITPOINT WARNING * * *
You writhe in agony.
* * * LOW HITPOINT WARNING * * *
Shoot: a) +2 hand crossbow
Press: ? - help, Shift-Dir - straight line, f/p - Grinder
Aim: Grinder (heavily wounded, 61% to hit)
You shoot a bolt. The bolt hits Grinder!
Grinder is severely wounded.
Grinder says, "DUCK!"
Grinder hits you.
* * * LOW HITPOINT WARNING * * *
You writhe in agony.
You die...

..........##.........
...##.######.#######.
......# ##.##### ...####
#......# ...# #..###.#
...# #####..###.# ...#
#.......##.#
...####.###.....†#
........# #...##@#
...^............5.......
........##.......##.....
...####.##.......# ....
...# #...........# ###
...# ####.......## ...#
##..:..## .... #.<..#
#.##.


You could see Grinder.

Vanquished Creatures
  4 adders (D:2)
  2 worms (D:2)
  2 ball pythons
  2 bats (D:2)
  2 endoplasms (D:1)
  5 giant cockroaches
  6 hobgoblins
  2 quokkas
  A frilled lizard (D:2)
  5 goblins
  3 kobolds
  3 rats
37 creatures vanquished.

Vanquished Creatures (others)
  14 plants (D:2)
14 creatures vanquished.

Grand Total: 51 creatures vanquished

Notes
Turn   | Place    | Note
-------+----------+-------------------------------------------
     0 | D:1      | Aksej the Demonspawn Arcane Marksman began the quest for
                  | the Orb.
     0 | D:1      | Reached XP level 1. HP: 15/15 MP: 2/2
   517 | D:1      | Found a faded altar of an unknown god.
   576 | D:1      | Gained mutation: You are partially covered in thin metallic
                  | scales. (AC +2) [demonic ancestry]
   576 | D:1      | Reached XP level 2. HP: 21/21 MP: 0/3
   901 | D:2      | Found Kiray's Antique Armour Emporium.
   922 | D:2      | Found Doveq's Antique Armour Boutique.
  1285 | D:2      | Gained mutation: You have a small tail. [demonic ancestry]
  1285 | D:2      | Reached XP level 3. HP: 21/27 MP: 4/4
  1518 | D:2      | Found Pihar's Antique Armour Shop.
  1562 | D:2      | Found Cimuumiem's Distillery.
  1575 | D:2      | Found How Qenu's Distillery.
  1578 | D:2      | Bought a potion of heal wounds for 60 gold pieces
  1702 | D:2      | Gained mutation: You are mostly covered in thin metallic
                  | scales. (AC +3) [demonic ancestry]
  1702 | D:2      | Reached XP level 4. HP: 33/33 MP: 5/5
  2526 | D:3      | Noticed Grinder
  2530 | D:3      | Paralysed by Grinder for 6 turns
  2546 | D:3      | Slain by Grinder

Illustrated notes

Levels and vault maps discovered:
D:1:      heliophobic_arrival_ceremonial_halls, layout_basic,
          hellmonk_ecumenical_altar_run_dry
D:2:      layout_loops_ring, serial_shops, nicolae_square_shop, shop_statue,
          nicolae_shop_behind_doors, shop, nicolae_shop_waterfront,
          serial_forest, infiniplex_forest_clump_cross, infiniplex_forest_end_3,
          infiniplex_forest_lined_2, infiniplex_forest_lined_room_,
          infiniplex_forest_corner_2, infiniplex_forest_clump_large,
          infiniplex_forest_clump_diagonal, infiniplex_forest_lined_3,
          infiniplex_forest_clump_small, infiniplex_forest_straight_2,
          minivault_26
D:3:      layout_loops_cross, uniq_terence, uniq_grinder,
          uniq_crazy_yiuf_cottage

Skill      XL: |  1  2  3  4 |
---------------+-------------+-----
Crossbows      | 2 3 |  3.0
Fighting       | 2 |  2.3
Dodging        | |  1.8
Stealth        | |  0.4
Spellcasting   | |  1.5
Hexes          | |  3.1

Action                   |  1- 3 |  4- 6 || total
-------------------------+-------+-------++-------
Melee: Hand crossbow     |       |     2 ||     2
       Tailslap          |       |     1 ||     1
 Fire: Hand crossbow     |   147 |    27 ||   174
 Cast: Slow              |    24 |     1 ||    25
  Use: Potion            |     1 |     2 ||     3
       Scroll            |       |     4 ||     4
Armor: Robe              |     2 |       ||     2
       Leather armour    |    16 |     4 ||    20
Dodge: Dodged            |    22 |     8 ||    30

Table legend: (Time is in decaauts)
 A = Elapsed time spent in this place.
 B = Non-inter-level travel time spent in this place.
 C = Inter-level travel time spent in this place.
 D = Time resting spent in this place.
 E = Time spent auto-exploring this place.
 F = Levels seen in this place.
 G = Mean time per level.
                   A        B        C        D        E       F      G
               +--------+--------+--------+--------+--------+-----+--------+
         Total |   2618 |   2557 |     61 |      0 |   1960 |   3 |  872.7 |
       Dungeon |   2618 |   2557 |     61 |      0 |   1960 |   3 |  872.7 |
               +--------+--------+--------+--------+--------+-----+--------+

Top non-repeatable levels by time:
     D:2: 1453 daAuts
     D:1: 910 daAuts
     D:3: 254 daAuts
